 Dungeon Crawl Stone Soup version 0.28.0-53-g5a82cb258f (webtiles) character file.

Game seed: 253436830018705761

109 diana the Insei (level 4, -5/36 HPs)
             Began as a Demigod Transmuter on Aug 21, 2022.
             Slain by a phantom (9 damage)
             ... on level 5 of the Dungeon.
             The game lasted 00:04:18 (3050 turns).

diana the Insei (Demigod Transmuter)                Turns: 3050, Time: 00:04:19

Health: -5/36      AC:  2    Str: 11    XL:     4   Next: 35%
Magic:  10/10      EV: 12    Int: 19    God:
Gold:   139        SH:  0    Dex: 14    Spells: 6/7 levels left

rFire   . . .      SeeInvis .     - Unarmed
rCold   . . .      Faith    .   (no shield)
rNeg    . . .      Spirit   .   a - +0 robe
rPois   .          Reflect  .   (no helmet)
rElec   .          Harm     .   (no cloak)
rCorr   .          Rampage  .   (no gloves)
Will    .....                   (no boots)
Stlth   +.........              (no amulet)
HPRegen 0.12/turn               (no ring)
MPRegen 0.12/turn               (no ring)

@: no status effects
A: high MP 1, forlorn, divine attributes
a: no special abilities


You were on level 5 of the Dungeon.
You visited 1 branch of the dungeon, and saw 5 of its levels.

You collected 139 gold pieces.

Inventory:

Armour
 a - a +0 robe (worn)
Jewellery
 e - an amulet of reflection
Scrolls
 b - 3 scrolls of identify {unknown}
 g - 2 scrolls of teleportation {unknown}
 h - a scroll of holy word {unknown}
 i - a scroll of enchant armour {unknown}
 l - 2 scrolls of enchant weapon {unknown}
Potions
 c - 2 potions of lignification {unknown}
 d - 2 potions of resistance {unknown}
 f - a potion of flight {unknown}
 j - a potion of curing {unknown}
 k - a potion of heal wounds {unknown}


   Skills:
 * Level 2.3 Fighting
 + Level 2.3 Dodging
 + Level 3.1 Unarmed Combat
 + Level 2.3 Spellcasting
 + Level 2.4 Transmutations


You had 6 spell levels left.
You knew the following spells:

 Your Spells              Type           Power      Damage    Failure   Level
a - Beastly Appendage     Tmut           22%        N/A       6%          1

Your spell library contained the following spells:

 Spells                   Type           Power      Damage    Failure   Level
 Wereblood                Tmut           11%        N/A       9%          2
 Spider Form              Tmut/Pois      6%         N/A       30%         3
 Ice Form                 Ice/Tmut       6%         N/A       69%         4
 Summon Forest            Summ/Tloc      1%         N/A       99%         5
 Eringya's Noxious Bog    Tmut/Pois      3%         N/A       100%        6
 Summon Hydra             Summ           1%         N/A       100%        7


Dungeon Overview and Level Annotations

Branches:
Dungeon (6/15)
 Temple: D:4-7

Shops:
D:1 =[*[   D:2 =


Innate Abilities, Weirdness & Mutations

You have an increased reservoir of magic. (+10% MP)
You shall have no god before yourself.
Your divine heritage dramatically boosts your attributes as you level up.


Message History

The adder is severely wounded.
The adder bites you.
You are poisoned.
The adder poisons you!
You barely miss the adder. You headbutt the adder.
The adder is severely wounded.
You feel sick. The adder misses you.
You hit the adder but do no damage. You claw the adder.
You kill the adder!
You feel sick.
You feel sick.
You feel sick.
You are no longer poisoned.
Your horns disappear.
Your talons disappear.
You enter the shallow water.
Moving in this stuff is going to be slow.
The phantom hits you.
The phantom hits you but does no damage.
A hound comes into view.
Found a scroll labelled OTUBOT AGGAQICK.
Found an escape hatch in the ceiling.
Found a ruby potion.
The hound barks!
The adder hisses angrily.
The adder barely misses you.
The hound bites you. x2; The adder closely misses you.
The hound closely misses you.
There is an escape hatch in the ceiling here.
The hound closely misses you. The adder closely misses you.
The phantom closely misses you. The hound barely misses you.
The adder bites you but does no damage. A mysterious force pulls you upwards.
The hatch slams shut behind you. The hound closely misses you.
The phantom hits you!
The phantom blinks!
You blink.
The adder closely misses you.
You closely miss the phantom. The adder bites you but does no damage.
The phantom hits you!
The phantom blinks!
You blink.
The hound bites you.
* * * LOW HITPOINT WARNING * * *
The hound bites you.
* * * LOW HITPOINT WARNING * * *
The phantom hits you!
You die...

.# ..
####
#.##W@#
#...hS# #
####.##.#
#ยง...#
######


You could see a phantom, a hound and an adder.

Vanquished Creatures
  An orc priest (D:2)
  2 adders
  2 dart slugs
  A worm (D:2)
  5 orcs
  2 ball pythons
  8 endoplasms
  3 giant cockroaches
  5 hobgoblins
  2 quokkas
  7 bats
  2 frilled lizards (D:2)
  3 goblins (D:2)
  6 kobolds
  3 rats
52 creatures vanquished.

Vanquished Creatures (others)
  3 plants (D:6)
3 creatures vanquished.

Grand Total: 55 creatures vanquished

Notes
Turn   | Place    | Note
-------+----------+-------------------------------------------
     0 | D:1      | diana the Demigod Transmuter began the quest for the Orb.
     0 | D:1      | Reached XP level 1. HP: 15/15 MP: 5/5
    64 | D:1      | Reached skill level 1 in Fighting
   213 | D:1      | Found Limuitus's Armour Shop.
   428 | D:1      | Reached XP level 2. HP: 10/23 MP: 5/7
   650 | D:1      | Found Weagah's Assorted Antiques.
   657 | D:1      | Found Kemnizxo's Armour Boutique.
   892 | D:1      | Found Ragang's Jewellery Emporium.
  1555 | D:2      | Reached XP level 3. HP: 29/29 MP: 6/8
  2097 | D:2      | Found Dijid's Jewellery Boutique.
  2230 | D:2      | Reached skill level 3 in Unarmed Combat
  2687 | D:2      | Reached XP level 4. HP: 35/36 MP: 8/10
  2990 | D:3      | You fall into a shaft and drop 3 floors!
  2990 | D:6      | Noticed a phantom
  3047 | D:5      | Entered Level 5 of the Dungeon
  3050 | D:5      | Slain by a phantom

Illustrated notes

Levels and vault maps discovered:
D:1:      lemuel_arrival_broad_hall, layout_basic, serial_shops,
          nicolae_shop_trees, shop_fountains, shop, shop,
          nicolae_concentric_dashed_squares_mild, minmay_small_reverse_x
D:2:      layout_loops_cross, serial_shops, shop_statue,
          minmay_misc_feat_hallway
D:3:      layout_loops_ring, doesnt_xom_only_xom, marbit_many_paths,
          uniq_crazy_yiuf_cottage
D:5:      layout_basic, overflow_temple_1_default, gammafunk_ghost_smash,
          minivault_14, uniq_sigmund, uniq_pikel, uniq_ijyb
D:6:      layout_basic, serial_bayou, serial_bayou_pond_e, serial_bayou_pond_c,
          serial_bayou_pond_b, serial_bayou_lagoon_a, serial_bayou_pond_a,
          gammafunk_ghost_hive, uniq_menkaure

Skill      XL: |  1  2  3 |
---------------+----------+-----
Fighting       | 1 2 |  2.3
Transmutations | 2 |  2.4
Dodging        | 2 |  2.3
Spellcasting   | 2 |  2.3
Unarmed Combat | 3 |  3.1

Action                   |  1- 3 |  4- 6 || total
-------------------------+-------+-------++-------
Melee: Unarmed           |   134 |    26 ||   160
       Kick              |    21 |    10 ||    31
       Headbutt          |    17 |     3 ||    20
       Punch             |     1 |       ||     1
 Cast: Beastly Appendage |    35 |     7 ||    42
 Stab: Sleeping          |     1 |     1 ||     2
Armor: Robe              |    23 |     6 ||    29
Dodge: Dodged            |    76 |    20 ||    96
